 Dungeon Crawl Stone Soup version 0.25.0-41-g26779e291d (webtiles) character file.

Game seed: 11666550331084155189

71 Ethylacetat the Stinger (level 4, 0/27 HPs)
             Began as an Octopode Venom Mage on July 10, 2020.
             Shot with an arrow by a centaur (7 damage)
             ... on level 2 of the Dungeon.
             The game lasted 00:04:23 (1997 turns).

Ethylacetat the Stinger (Octopode Venom Mage)       Turns: 1997, Time: 00:04:23

Health: 0/27       AC:  1    Str:  7    XL:     4   Next: 24%
Magic:  6/7        EV: 13    Int: 18    God:
Gold:   113        SH:  0    Dex: 12    Spells: 6/7 levels left

rFire    . . .     SeeInvis .   (no weapon)
rCold    . . .     Gourm    .   (no shield)
rNeg     . . .     Faith    .   (helmet restricted)
rPois    .         Spirit   .   (no amulet)
rElec    .         Reflect  .   e - ring of attention (curse)
rCorr    .         Harm     .   (no ring)
MR       .....                  (no ring)
Stlth    ++........             (no ring)
HPRegen  0.09/turn              (no ring)
MPRegen  0.10/turn              (no ring)
                                (no ring)
                                (no ring)

@: no status effects
A: almost no armour, stealthy swim, amphibious, 8 rings, constrict 8, camouflage
1, gelatinous body 1
a: no special abilities


You were on level 2 of the Dungeon.
You were not hungry.

You visited 1 branch of the dungeon, and saw 2 of its levels.

You collected 113 gold pieces.

Inventory:

Jewellery
 e - a cursed ring of attention (left tentacle)
 l - an uncursed ring of protection from magic
Scrolls
 c - 4 scrolls of identify {unknown}
 d - 2 scrolls of immolation {unknown}
 g - 3 scrolls of remove curse {unknown}
 h - a scroll of teleportation {unknown}
 j - 2 scrolls of enchant armour {unknown}
Potions
 a - a potion of resistance {unknown}
 f - a potion of brilliance {unknown}
 k - a potion of curing {unknown}
 m - a potion of ambrosia {unknown}
Comestibles
 b - a ration
 i - 4 chunks of flesh


   Skills:
 - Level 2.0 Dodging
 - Level 2.6 Stealth
 + Level 2.4 Spellcasting
 * Level 2.5 Transmutations
 * Level 4.7 Poison Magic


You had 6 spell levels left.
You knew the following spells:

 Your Spells              Type           Power        Failure   Level  Hunger
a - Sting                 Tmut/Pois      ###.         3%          1    #......

Your spell library contained the following spells:

 Spells                   Type           Power        Failure   Level  Hunger
 Poisonous Vapours        Pois/Air       ##....       10%         2    ##.....
 Ignite Poison            Fire/Tmut/Pois ##......     19%         3    ###....
 Olgreb's Toxic Radiance  Pois           ###.....     24%         4    #####..
 Mephitic Cloud           Conj/Pois/Air  #.......     26%         3    ###....


Dungeon Overview and Level Annotations

Branches:
Dungeon (2/15)

Altars:


Innate Abilities, Weirdness & Mutations

You cannot wear most types of armour.
You are very stealthy in the water. (Stealth+)
You are amphibious.
You can wear up to eight rings at the same time.
You can use your tentacles to constrict eight enemies at once.
Your skin changes colour to match your surroundings (Stealth+).
Your rubbery body absorbs attacks. (AC +1, EV +1)


Message History

You see here an arrow.
Casting: Sting (safe; 3% risk of failure)
Confirm with . or Enter, or press ? or * to list all spells.
You can't see any susceptible monsters within range! (Use Z to cast anyway.) Unknown command.
The centaur shoots an arrow.
The arrow closely misses you.
The centaur shoots an arrow.
The arrow hits you!
You see here an arrow.
The centaur shoots an arrow.
The arrow hits you!
* * * LOW HITPOINT WARNING * * *
Found 12 gold pieces.
You see here an arrow.
Casting: Sting (safe; 3% risk of failure)
Confirm with . or Enter, or press ? or * to list all spells.
Aiming: Sting (safe; 3% risk of failure)
Press: ? - help, Shift-Dir - straight line, f - hobgoblin
Aim: a hobgoblin, wielding a +0 club The sting misses the hobgoblin.
The centaur shoots an arrow.
The arrow hits you!
You die...

#.#.............#######
#.#####.#######....###..
... #.# ##.....#... [#.
..# ##.......... . .
##.# ##..#........ # #.#
##..##........ .#.
#...(........$ #
#...((..≈≈≈≈≈≈
#.....@≈≈#### #......≈##
##....g≈# ###....≈#
..#.....c# #.=......≈≈
..........≈≈ #..........
###.


You could see a centaur and a hobgoblin.

Vanquished Creatures
  2 adders
  3 worms (D:2)
  4 dart slugs
  2 leopard geckos (D:2)
  2 ball pythons (D:2)
  A giant cockroach (D:1)
  4 goblins
  2 hobgoblins (D:1)
  A quokka (D:2)
  4 bats
  4 frilled lizards (D:1)
  4 kobolds
  3 rats
36 creatures vanquished.

Notes
Turn   | Place    | Note
-------+----------+-------------------------------------------
     0 | D:1      | Ethylacetat the Octopode Venom Mage began the quest for the
                  | Orb.
     0 | D:1      | Reached XP level 1. HP: 11/11 MP: 3/3
   113 | D:1      | Reached XP level 2. HP: 5/17 MP: 1/5
   447 | D:1      | Reached skill level 4 in Poison Magic
  1074 | D:1      | Reached XP level 3. HP: 8/21 MP: 0/6
  1830 | D:2      | Reached XP level 4. HP: 27/27 MP: 0/7
  1993 | D:2      | Noticed a centaur
  1997 | D:2      | Shot with an arrow by a centaur

Illustrated notes

Levels and vault maps discovered:
D:1:      shiori_arrival_maze, layout_rooms, hangedman_glass_teeth,
          solitary_fountain
D:2:      layout_loops_ring, kennysheep_decorative_pillar

Skill      XL: |  1  2 |
---------------+-------+-----
Poison Magic   | 4 |  4.7
Transmutations | 2 |  2.5
Dodging        | |  2.0
Stealth        | |  2.6
Spellcasting   | |  2.4

Action                   |  1- 3 |  4- 6 || total
-------------------------+-------+-------++-------
Melee: Unarmed           |    20 |     2 ||    22
       Constrict         |     5 |     1 ||     6
       Tentacles         |     4 |       ||     4
 Cast: Sting             |    60 |     9 ||    69
  Eat: Chunk             |     3 |     1 ||     4
Armor: Skin              |     2 |     1 ||     3
Dodge: Dodged            |    33 |     3 ||    36
